 Dungeon Crawl Stone Soup version 0.19-a0-1568-gdd01aac (webtiles) character file.

231 TheGoonsmith the Cutter (level 6, -4/48 HPs)
             Began as a Vine Stalker Enchanter on Sept 15, 2016.
             Killed from afar by plsesad's ghost (8 damage)
             ... with a spray of energy
             ... on level 4 of the Dungeon.
             The game lasted 00:06:50 (2981 turns).

TheGoonsmith the Cutter (Vine Stalker Enchanter)    Turns: 2981, Time: 00:06:51

Health: -4/48      AC:  5    Str: 17    XL:     6   Next: 3%
Magic:  0/10       EV: 12    Int: 15    God:
Gold:   151        SH:  0    Dex: 15    Spells: 2 memorised, 3 levels left

rFire  . . .     SeeInvis .     a - +2 dagger
rCold  . . .     Gourm    .     b - +1 robe
rNeg   . . .     Faith    .     (no shield)
rPois  +         Spirit   +     (no helmet)
rElec  .         Dismiss  .     p - +0 cloak
rCorr  .         Reflect  .     n - +0 pair of gloves
MR     .....     Harm     .     (no boots)
Stlth  ..........               f - amulet of rage
                                (no ring)
                                s - ring of poison resistance

@: berserking, drained, very quick
A: fangs 2, regeneration 1, magic shield, antimagic bite, no device heal 3, rot
immunity
a: Evoke Berserk Rage


You were on level 4 of the Dungeon.
You were not hungry.

You visited 1 branch of the dungeon, and saw 4 of its levels.

You collected 151 gold pieces.

Inventory:

Hand Weapons
 a - a +2 dagger (weapon)
Missiles
 h - 2 needles of confusion
Armour
 b - a +1 robe (worn)
 n - a +0 pair of gloves (worn)
 p - a +0 cloak (worn)
Jewellery
 f - an amulet of rage (around neck)
 k - an uncursed amulet of dismissal
 s - a ring of poison resistance (left hand)
Wands
 t - a wand of slowing (38/48)
Scrolls
 e - a scroll of remove curse
 j - 2 scrolls of fear
 r - a scroll of identify
Potions
 i - a potion of ambrosia
 l - a potion of cure mutation
 o - a potion of curing
 q - a potion of haste {unknown}
 w - 2 potions of magic {unknown}
 z - 3 potions of lignification
Books
 c - a book of Maledictions

   Spells                             Type                      Level
   a - Corona                         Hexes                        1
   b - Ensorcelled Hibernation        Hexes/Ice                    2
   c - Confuse                        Hexes                        3
   d - Tukima's Dance                 Hexes                        3
   e - Dazzling Spray                 Conjuration/Hexes            3
Comestibles
 d - 3 bread rations
 g - a slice of pizza
 u - a meat ration
 v - 2 chunks of flesh


   Skills:
 + Level 2.7(2.5) Fighting
 * Level 4.2(4.0) Short Blades
 - Level 1.5(1.3) Dodging
 - Level 3.6(3.4) Stealth
 - Level 2.1(1.9) Spellcasting
 - Level 3.0(2.7) Hexes


You had 3 spell levels left.
You knew the following spells:

 Your Spells              Type           Power        Failure   Level  Hunger
b - Tukima's Dance        Hex            #.......     24%         3    ####...
c - Confuse               Hex            #.......     24%         3    ####...


Dungeon Overview and Level Annotations

Branches:
Dungeon (4/15)
 Temple: D:4-7

Altars:

Annotations:
D:4 plsesad's ghost, amateur DECj


Innate Abilities, Weirdness & Mutations

You have extremely sharp teeth.
Your natural rate of healing is unusually fast.
When hurt, damage is shared between your health and your magic reserves.
Your bite disrupts and absorbs the magic of your enemies.
Potions and wands cannot restore your health.
You are immune to rotting.


Message History

A red film seems to cover your vision as you go berserk!
You feel yourself moving faster!
You feel mighty!
Plsesad's ghost points at you and mumbles some strange words.
The spray of energy hits you!
You puncture plsesad's ghost!
Plsesad's ghost is moderately damaged.
You hit plsesad's ghost. Your bite misses plsesad's ghost.
Plsesad's ghost is heavily damaged.
Plsesad's ghost points at you and mumbles some strange words.
The spray of energy hits you!
* * * LOW HITPOINT WARNING * * *
You hit plsesad's ghost. Your bite misses plsesad's ghost.
Plsesad's ghost is heavily damaged.
You hit plsesad's ghost. You bite plsesad's ghost.
Plsesad's ghost's magic leaks into the air.
You drain its magic.
You feel invigorated.
Plsesad's ghost is almost destroyed.
Plsesad's ghost gestures at you while chanting.
The spray of energy hits you!
You die...

#. # #. ###...#
##.############.....###
#.....................
#...............##..
.................W##
................@..#
..................##
..#..###..........#
...##..#..........#
.).###............#
...####...........#
....# ##..........#
....# ##........##
....# #........#


You could see plsesad's ghost.

Vanquished Creatures
  Natasha (thrice) (D:3)
  An orc wizard (D:3)
  5 adders
  2 worms
  2 dart slugs
  3 orcs (D:3)
  3 giant cockroaches
  12 goblins
  12 hobgoblins
  9 jackals
  A quokka (D:3)
  A ball python (D:2)
  7 bats
  3 frilled lizards
  6 kobolds
  5 rats
75 creatures vanquished.

Notes
Turn   | Place    | Note
-------+----------+-------------------------------------------
     0 | D:1      | TheGoonsmith the Vine Stalker Enchanter began the quest for the Orb.
     0 | D:1      | Reached XP level 1. HP: 9/9 MP: 4/4
    62 | D:1      | Reached skill level 1 in Short Blades
   417 | D:1      | Reached skill level 1 in Fighting
   417 | D:1      | Reached XP level 2. HP: 9/14 MP: 6/6
   752 | D:1      | Reached XP level 3. HP: 13/18 MP: 7/7
   918 | D:1      | Reached skill level 2 in Short Blades
  1506 | D:2      | Gained mutation: Your natural rate of healing is unusually fast. [Vine Stalker growth]
  1506 | D:2      | Reached XP level 4. HP: 18/23 MP: 6/8
  1998 | D:3      | Found a faded altar of an unknown god.
  2066 | D:3      | Reached skill level 3 in Short Blades
  2071 | D:3      | Learned a level 3 spell: Tukima's Dance
  2075 | D:3      | Learned a level 3 spell: Confuse
  2307 | D:3      | Reached XP level 5. HP: 24/26 MP: 9/9
  2354 | D:3      | Noticed Natasha
  2380 | D:3      | Killed Natasha
  2537 | D:3      | Noticed Natasha
  2540 | D:3      | Killed Natasha
  2540 | D:3      | Reached skill level 4 in Short Blades
  2808 | D:3      | Noticed Natasha
  2819 | D:3      | Killed Natasha
  2819 | D:3      | Reached XP level 6. HP: 14/32 MP: 10/10
  2972 | D:4      | Noticed plsesad's ghost (amateur DECj)
  2981 | D:4      | Killed from afar by plsesad's ghost

Vault maps used:
D:1:      mrwooster_arrival_statue_2
D:3:      first_bread, ecumenical_altar_1, uniq_natasha
D:4:      cheibrodos_gnoll_hut

Skill      XL: |  1  2  3  4  5 |
---------------+----------------+-----
Short Blades   | 1 2 3 4 |  4.2
Fighting       | 1 2 |  2.7
Dodging        | |  1.5
Stealth        | |  3.6
Spellcasting   | |  2.1
Hexes          | |  3.0

Action                   |  1- 3 |  4- 6 || total
-------------------------+-------+-------++-------
Melee: Dagger            |   168 |   237 ||   405
       Bite              |    29 |    38 ||    67
 Abil: Evoke Berserk Rag |       |     1 ||     1
  Use: Scroll            |     4 |     7 ||    11
 Stab: Sleeping          |     3 |     1 ||     4
       Distracted        |       |     1 ||     1
  Eat: Chunk             |     1 |     6 ||     7
Armor: Robe              |    52 |    46 ||    98
Dodge: Dodged            |   104 |   114 ||   218
